[Event "ICC tourney 1955 (60 10)"]
[Site "Internet Chess Club"]
[Date "2020.08.07"]
[Round "3"]
[White "Atharva10"]
[Black "FamilyFork"]
[Result "1/2-1/2"]
[ICCResult "Game drawn by repetition"]
[WhiteElo "2046"]
[BlackElo "1869"]
[Opening "Ruy Lopez: closed, Pilnik variation"]
[ECO "C90"]
[NIC "RL.19"]
[Time "18:33:03"]
[TimeControl "3600+10"]

1. e4 e5 2. Nf3 Nc6 3. Bb5 a6 4. Ba4 Nf6 5. O-O Be7 6. Re1 b5 7. Bb3 d6 8.
c3 O-O 9. d3 Bg4 10. Nbd2 Na5 11. Bc2 c5 12. Nf1 Qd7 13. h3 Bh5 14. Ng3 Bg6
15. d4 cxd4 16. cxd4 exd4 17. Nxd4 d5 18. Ndf5 Bb4 19. Bd2 Bxd2 20. Qxd2 Nc4
21. Qg5 dxe4 22. Rad1 Qc7 23. Rc1 Qe5 24. b3 h6 25. Qh4 Nd6 26. Nxd6 Qxd6
27. Nxe4 Nxe4 28. Bxe4 Bxe4 29. Qxe4 Rac8 30. Rxc8 Rxc8 31. Qb7 Rc2 32. Re8+
Kh7 33. Qe4+ Qg6 34. a4 bxa4 35. bxa4 Rc1+ 36. Kh2 f5 37. Qe6 Qxe6 38. Rxe6
Rc7 39. Rxa6 g5 40. g4 f4 41. Kg2 Re7 42. a5 Kg7 43. Rb6 Re1 44. Kf3 Ra1 45.
a6 Ra4 46. Ke2 Ra2+ 47. Kd3 Rxf2 48. Ke4 Ra2 49. Kf5 Ra5+ 50. Ke4 Ra4+ 51.
Kd3 Ra3+ 52. Ke4 Ra4+ 53. Kf3 Ra3+ 54. Kg2 Ra2+ 55. Kf1 Ra1+ 56. Ke2 Ra2+
57. Kd1 Ra1+ 58. Ke2 Ra2+ 59. Kd3 Ra3+ 60. Ke2 Ra2+ 61. Kf3 Ra3+ 62. Ke4
Ra4+ 63. Kf3 Ra3+ 64. Kf2 Ra2+ 65. Kf1 Ra1+ 66. Kg2 Ra2+ 67. Kf3 Ra3+ 68.
Kf2 Ra2+ 69. Kg1 Ra1+ 70. Kh2 Ra2+ 71. Kg1 Ra1+ 72. Kf2 Ra2+ 73. Ke1 Ra1+
74. Kf2 Ra2+ {Game drawn by repetition} 1/2-1/2

[Event "ICC tourney 1955 (60 10)"]
[Site "Internet Chess Club"]
[Date "2020.08.07"]
[Round "3"]
[White "Quinlandia"]
[Black "gitb98"]
[Result "1/2-1/2"]
[ICCResult "Game drawn by mutual agreement"]
[WhiteElo "2032"]
[BlackElo "1955"]
[Opening "Queen's pawn: London system"]
[ECO "A45"]
[NIC "QP.07"]
[Time "18:33:03"]
[TimeControl "3600+10"]

1. d4 Nf6 2. Bf4 g6 3. e3 Bg7 4. Nf3 O-O 5. Be2 d6 6. h3 Nbd7 7. c4 Qe8 8.
Nc3 c6 9. Bh2 e5 10. O-O Qe7 11. c5 dxc5 12. Nxe5 cxd4 13. exd4 Nb6 14. Bf3
Be6 15. Qe2 Rad8 16. Rfd1 Nfd5 17. Nxd5 Bxd5 18. Bxd5 Rxd5 19. Qe3 Rfd8 20.
Nf3 Qxe3 21. fxe3 c5 22. Bc7 R8d7 23. Be5 Bxe5 24. Nxe5 Rd8 25. Nf3 cxd4 26.
Rxd4 Re8 27. Rad1 Red8 {Game drawn by mutual agreement} 1/2-1/2

[Event "ICC tourney 1955 (60 10)"]
[Site "Internet Chess Club"]
[Date "2020.08.07"]
[Round "3"]
[White "Kyle2007"]
[Black "JonSnow22897"]
[Result "1/2-1/2"]
[ICCResult "Game drawn by repetition"]
[WhiteElo "1977"]
[BlackElo "2119"]
[Opening "Petrov: Nimzovich attack"]
[ECO "C42"]
[NIC "RG.03"]
[Time "18:38:45"]
[TimeControl "3600+10"]

1. e4 e5 2. Nf3 Nf6 3. Nxe5 d6 4. Nf3 Nxe4 5. Nc3 Nxc3 6. dxc3 Nc6 7. Be3
Bf5 8. Bd3 Qd7 9. Bxf5 Qxf5 10. Qd3 Qxd3 11. cxd3 f6 12. O-O-O d5 13. Bf4
O-O-O 14. h4 h5 15. d4 Ne7 16. Rhe1 Nf5 17. Re2 Bd6 18. Bxd6 Nxd6 19. Rde1
Rhe8 20. Rxe8 Rxe8 21. Rxe8+ Nxe8 22. Ne1 Nd6 23. Nd3 g5 24. Kd2 Kd7 25. g3
Ke6 26. Ke3 c6 27. f3 Kf5 28. Ke2 a5 29. a4 Kg6 30. Kf2 gxh4 31. gxh4 Nf5
32. Nf4+ Kh6 33. Ng2 Nd6 34. Nf4 Nf5 35. Ng2 Nd6 36. Nf4 Nc4 37. Nd3 Nd6 38.
Nf4 {Game drawn by repetition} 1/2-1/2

[Event "ICC tourney 1955 (60 10)"]
[Site "Internet Chess Club"]
[Date "2020.08.07"]
[Round "3"]
[White "pianoboy"]
[Black "IAlwaysWin"]
[Result "0-1"]
[ICCResult "White resigns"]
[WhiteElo "1874"]
[BlackElo "2128"]
[Opening "QGD: classical variation (5.Bf4)"]
[ECO "D31"]
[NIC "QP.08"]
[Time "18:33:23"]
[TimeControl "3600+10"]

1. d4 d5 2. c4 e6 3. Nc3 Be7 4. Nf3 Nf6 5. Bf4 c6 6. e3 O-O 7. Bd3 Nbd7 8.
O-O b6 9. h3 Bb7 10. Re1 Re8 11. Rc1 Nf8 12. a3 Ng6 13. Bh2 a6 14. Ne5 Rc8
15. Bb1 c5 16. cxd5 exd5 17. Ba2 c4 18. e4 b5 19. exd5 Nxd5 20. a4 Nxc3 21.
bxc3 Qd5 22. f3 Bg5 23. Rc2 Nf4 24. axb5 axb5 25. Bxf4 Bxf4 26. Rce2 Bg3 27.
Rf1 Bxe5 28. dxe5 Qc5+ 29. Kh1 Rxe5 30. Rfe1 Rxe2 31. Qxe2 g6 32. Bb1 Rd8
33. Be4 Re8 34. Qc2 Bxe4 35. Rxe4 Rxe4 36. Qxe4 Kg7 37. Kh2 h5 38. h4 Kf6
39. Kg3 Qe5+ 40. Qf4+ Ke6 {White resigns} 0-1

[Event "ICC tourney 1955 (60 10)"]
[Site "Internet Chess Club"]
[Date "2020.08.07"]
[Round "3"]
[White "myqueen"]
[Black "TeeKay2020"]
[Result "0-1"]
[ICCResult "White checkmated"]
[WhiteElo "1982"]
[BlackElo "1816"]
[Opening "French: MacCutcheon, Janowski variation"]
[ECO "C12"]
[NIC "FR.05"]
[Time "18:33:07"]
[TimeControl "3600+10"]

1. e4 e6 2. d4 d5 3. Nc3 Nf6 4. Bg5 Bb4 5. e5 h6 6. Be3 Ne4 7. Qg4 g6 8. Bd3
h5 9. Qf3 Nxc3 10. a3 Na2+ 11. Kf1 Be7 12. Rxa2 c5 13. c3 Nc6 14. Ne2 c4 15.
Bc2 b5 16. Nf4 a5 17. Qh3 Ra6 18. Nxg6 fxg6 19. Bxg6+ Kd7 20. f4 Qg8 21. f5
Kc7 22. Bf4 Kb7 23. Ra1 exf5 24. Bxf5 Bxf5 25. Qxf5 Qg4 26. Qxg4 hxg4 27.
Ke2 Nd8 28. Raf1 b4 29. axb4 axb4 30. cxb4 Bxb4 31. Bd2 Bxd2 32. Kxd2 Rah6
33. Rf4 Rxh2 34. Rxh2 Rxh2 35. Rxg4 Ne6 36. Kc3 Rh6 37. b3 cxb3 38. Kxb3 Kc6
39. Kc3 Kd7 40. Kd3 Rg6 41. Rxg6 Nf4+ 42. Ke3 Nxg6 43. g4 Ke6 44. Kf3 Ne7
45. Kf4 Nc6 46. Ke3 Kf7 47. g5 Kg6 48. Kf4 Nxd4 49. Kg4 Ne6 50. Kh4 Nxg5 51.
Kg4 Ne6 52. Kf3 Kf5 53. Ke3 Kxe5 54. Kd3 d4 55. Kd2 Ke4 56. Ke2 d3+ 57. Kd2
Kd4 58. Kd1 Ke3 59. Ke1 Nf4 60. Kd1 d2 61. Kc2 Ke2 62. Kc3 d1=Q 63. Kc4 Qd3+
64. Kc5 Ne6+ 65. Kc6 Qd4 66. Kb5 Qc3 67. Kb6 Qc4 68. Kb7 Qc5 69. Kb8 Qc6 70.
Ka7 Qb5 71. Ka8 Nc5 72. Ka7 Qb7# {White checkmated} 0-1

[Event "ICC tourney 1955 (60 10)"]
[Site "Internet Chess Club"]
[Date "2020.08.07"]
[Round "3"]
[White "Kiwiinoz"]
[Black "FL2009"]
[Result "1/2-1/2"]
[ICCResult "Game drawn by mutual agreement"]
[WhiteElo "2041"]
[BlackElo "1806"]
[Opening "Evans gambit"]
[ECO "C52"]
[NIC "IG.05"]
[Time "18:32:34"]
[TimeControl "3600+10"]

1. e4 e5 2. Nf3 Nc6 3. Bc4 Bc5 4. b4 Bxb4 5. c3 Ba5 6. O-O h6 7. d4 d6 8.
Qb3 Bb6 9. Bxf7+ Kf8 10. Bxg8 Rxg8 11. dxe5 dxe5 12. Ba3+ Ne7 13. Nxe5 Qe8
14. Nd2 g5 15. Kh1 Kg7 16. f4 Ng6 17. Nxg6 Qxg6 18. f5 Qf6 19. Nc4 Qf7 20.
Nxb6 Qxb3 21. axb3 axb6 22. Bb2 Rxa1 23. c4+ Kf7 24. Bxa1 Rd8 25. g4 b5 26.
e5 b6 27. e6+ Ke8 28. Bc3 bxc4 29. bxc4 Rd3 30. Rc1 Rf3 31. Kg1 Rf4 32. Be5
Rxg4+ 33. Kf2 Ke7 34. c5 b5 35. c6 b4 36. Bxc7 b3 37. Be5 b2 38. Bxb2 Rf4+
39. Kg3 Rxf5 40. h4 {Game drawn by mutual agreement} 1/2-1/2

[Event "ICC tourney 1955 (60 10)"]
[Site "Internet Chess Club"]
[Date "2020.08.07"]
[Round "3"]
[White "kralj8"]
[Black "orangeman"]
[Result "1-0"]
[ICCResult "Black resigns"]
[WhiteElo "1804"]
[BlackElo "1853"]
[Opening "Caro-Kann: two knights, 3...Bg4"]
[ECO "B11"]
[NIC "CK.01"]
[Time "18:32:53"]
[TimeControl "3600+10"]

1. e4 c6 2. Nc3 d5 3. Nf3 Bg4 4. h3 Bxf3 5. Qxf3 e6 6. d4 Nf6 7. Bg5 Be7 8.
O-O-O Nbd7 9. Bd3 O-O 10. e5 Ne8 11. Bxe7 Qxe7 12. Qe3 c5 13. dxc5 Qxc5 14.
Qxc5 Nxc5 15. f4 g6 16. g4 Ng7 17. b4 Nxd3+ 18. cxd3 Rfc8 19. Kb2 Ne8 20.
Rc1 Rc6 21. a4 Rac8 22. Nb5 a6 23. Rxc6 Rxc6 24. Nd4 Rc8 25. b5 Kf8 26. b6
Ke7 27. Rc1 Rxc1 28. Kxc1 f6 29. h4 h5 30. gxh5 gxh5 31. Kd2 Ng7 32. Nc6+
Ke8 33. exf6 Nf5 34. f7+ Kxf7 35. Nd8+ Ke7 36. Nxb7 Kd7 37. Nc5+ {Black
resigns} 1-0

[Event "ICC tourney 1955 (60 10)"]
[Site "Internet Chess Club"]
[Date "2020.08.07"]
[Round "3"]
[White "Natey"]
[Black "mangolamb"]
[Result "1/2-1/2"]
[ICCResult "Game drawn by mutual agreement"]
[WhiteElo "1660"]
[BlackElo "2034"]
[Opening "Ruy Lopez: closed, Breyer, Borisenko variation"]
[ECO "C95"]
[NIC "RL.25"]
[Time "18:33:22"]
[TimeControl "3600+10"]

1. e4 e5 2. Nf3 Nc6 3. Bb5 a6 4. Ba4 Nf6 5. O-O Be7 6. Re1 b5 7. Bb3 d6 8.
c3 O-O 9. h3 Nb8 10. d4 Nbd7 11. Nbd2 Bb7 12. Bc2 Re8 13. Nf1 Bf8 14. Ng3 g6
15. a4 Nb6 16. a5 Nbd7 17. b4 Bg7 18. Bb2 Re7 19. Bd3 Ne8 20. Qc2 d5 21.
exd5 Bxd5 22. c4 bxc4 23. Bxc4 Bxf3 24. gxf3 exd4 25. Rxe7 Qxe7 26. Qd3 Qh4
27. Qe4 Qxe4 28. fxe4 Ne5 29. Bf1 Rb8 30. Ra4 c5 31. Bxa6 cxb4 32. f4 Nc6
33. Bd3 Nc7 34. f5 Ne5 35. Bc2 d3 36. Bd1 Nc4 37. Bxg7 Kxg7 38. Nf1 gxf5 39.
exf5 Nb2 40. Ra1 Nd5 41. Bf3 Nc7 42. a6 Rd8 43. Nd2 Nxa6 44. Rxa6 Rc8 45.
Rc6 Rxc6 46. Bxc6 Kf6 47. Be4 Ke5 48. Kg2 Kd4 49. Kf2 Kc3 50. Ke1 Na4 51. f6
Nc5 52. Bxh7 Nd7 53. Ne4+ Kc2 54. Nf2 Ne5 55. Nxd3 Nxd3+ 56. Ke2 Kc3 57.
Bxd3 Kd4 58. Bg6 Ke5 59. Bxf7 Kxf6 60. Bb3 Kg5 61. Be6 Kh4 62. Kd3 b3 63.
Kc3 b2 64. Kxb2 Kg5 65. Kc3 Kh4 66. Kd4 Kg5 67. Ke5 Kh4 68. Kf4 Kh5 69. Bg4+
Kh6 70. Kf5 Kh7 71. Kf6 Kh8 72. h4 Kh7 73. h5 Kh8 74. Bf5 Kg8 75. Be6+ Kh8
76. Bf7 Kh7 77. Ke7 Kg7 78. Bg6 Kh8 79. h6 Kg8 80. h7+ Kh8 81. Bb1 Kg7 82.
Ke8 Kh8 83. Kd7 Kg7 84. Kc6 Kh8 85. Kb5 Kg7 86. Ka4 Kh8
{Game drawn by mutual agreement}
1/2-1/2

[Event "ICC tourney 1955 (60 10)"]
[Site "Internet Chess Club"]
[Date "2020.08.07"]
[Round "3"]
[White "justice02"]
[Black "Ayushb"]
[Result "1/2-1/2"]
[ICCResult "Game drawn by mutual agreement"]
[WhiteElo "1825"]
[BlackElo "1748"]
[Opening "Ruy Lopez: closed (10...c5)"]
[ECO "C96"]
[NIC "RL.23"]
[Time "18:33:00"]
[TimeControl "3600+10"]

1. e4 e5 2. Nf3 Nc6 3. Bb5 a6 4. Ba4 Nf6 5. O-O d6 6. Re1 b5 7. Bb3 Be7 8.
c3 O-O 9. h3 Na5 10. Bc2 c5 11. d4 exd4 12. cxd4 Nc6 13. a3 Bb7 14. d5 Ne5
15. Nxe5 dxe5 16. Re3 Ne8 17. Nd2 Bg5 18. Re1 Nd6 19. Nf3 Bxc1 20. Rxc1 Re8
21. Qe2 Qf6 22. b3 c4 23. a4 Reb8 24. axb5 axb5 25. Ra1 Bc8 26. Qe3 h6 27.
Qc3 cxb3 28. Bxb3 Rxa1 29. Qxa1 Bxh3 30. Qxe5 Qxe5 31. Nxe5 Re8 32. Nxf7
Kxf7 33. gxh3 Rxe4 34. Ra1 Nc4 35. Ra7+ Re7 36. Ra1 Rd7 37. Rd1 Kf6 38. Bxc4
bxc4 39. Rd4 Ke5 40. Rxc4 Kxd5 41. Rc2 g5 42. Kg2 Ke5 43. Kg3 Kf6 44. Rc6+
Kg7 45. f3 Rf7 46. Re6 Rf6 {Game drawn by mutual agreement} 1/2-1/2

[Event "ICC tourney 1955 (60 10)"]
[Site "Internet Chess Club"]
[Date "2020.08.07"]
[Round "3"]
[White "sgangavarapu"]
[Black "chessrani"]
[Result "1-0"]
[ICCResult "Black resigns"]
[WhiteElo "1877"]
[BlackElo "1984"]
[Opening "QGD semi-Slav"]
[ECO "D43"]
[NIC "SL.03"]
[Time "18:32:44"]
[TimeControl "3600+10"]

1. d4 d5 2. c4 c6 3. Nc3 Nf6 4. Nf3 e6 5. Bg5 Be7 6. e3 Nbd7 7. Qc2 O-O 8.
Bd3 dxc4 9. Bxc4 b5 10. Be2 a6 11. O-O Bb7 12. Rfd1 Qb6 13. Ne5 Rfd8 14. Bh5
Nxe5 15. dxe5 Nxh5 16. Bxe7 Re8 17. Bh4 Qc5 18. Qe4 b4 19. Ne2 Qb5 20. Nd4
Qd5 21. Qxd5 exd5 22. g4 Rxe5 23. gxh5 c5 24. Bg3 Rxh5 25. Nb3 Rc8 26. Rac1
c4 27. Na5 Ba8 28. Bd6 Rg5+ 29. Kf1 Rg6 30. Bxb4 Rh6 31. Ke2 Rxh2 32. Rg1
Rh6 33. Bc3 Rg6 34. Rxg6 fxg6 35. Bd4 Rb8 36. b3 Rb5 37. Bc3 cxb3 38. Nxb3
Kf7 39. Bd4 Rb7 40. Rc8 Rb4 41. Rxa8 Ra4 42. Ra7+ Kf8 43. Nc5 Rxa2+ 44. Kf3
h5 45. Rxa6 Rxa6 46. Nxa6 Kf7 47. Kf4 Ke6 48. Bxg7 {Black resigns} 1-0

[Event "ICC tourney 1955 (60 10)"]
[Site "Internet Chess Club"]
[Date "2020.08.07"]
[Round "3"]
[White "Knightoffaith"]
[Black "KnightRyder3"]
[Result "0-1"]
[ICCResult "White resigns"]
[WhiteElo "1834"]
[BlackElo "1822"]
[Opening "Sicilian: dragon, Yugoslav attack, 10.O-O-O"]
[ECO "B78"]
[NIC "SI.18"]
[Time "18:33:21"]
[TimeControl "3600+10"]

1. e4 c5 2. Nf3 d6 3. d4 cxd4 4. Nxd4 Nf6 5. Nc3 g6 6. Be3 Bg7 7. f3 O-O 8.
Qd2 Nc6 9. Bc4 Bd7 10. O-O-O Rc8 11. Bb3 Ne5 12. h4 h5 13. Bg5 Rc5 14. Kb1
b5 15. Nde2 a5 16. a3 a4 17. Ba2 Qb8 18. Nd5 Nxd5 19. exd5 Nc4 20. Bxc4 bxc4
21. c3 Bf5+ 22. Ka1 Bd3 23. Nf4 Qb3 24. Bxe7 Rfc8 25. Bxd6 Rb5 26. Rc1 Bh6
27. Rb1 Rxd5 28. Qd1 Rxd6 29. Qxb3 axb3 30. Nxd3 cxd3 31. Rbd1 d2 32. Rhf1
Re8 {White resigns} 0-1

[Event "ICC tourney 1955 (60 10)"]
[Site "Internet Chess Club"]
[Date "2020.08.07"]
[Round "3"]
[White "AVS"]
[Black "advaith06"]
[Result "0-1"]
[ICCResult "White checkmated"]
[WhiteElo "1814"]
[BlackElo "2029"]
[Opening "Sicilian: Grand Prix attack"]
[ECO "B23"]
[NIC "SI.44"]
[Time "18:32:33"]
[TimeControl "3600+10"]

1. e4 c5 2. Nc3 Nc6 3. f4 g6 4. Nf3 Bg7 5. d3 e6 6. g3 Nge7 7. Bg2 O-O 8.
O-O d5 9. e5 a6 10. Qe1 b5 11. Qf2 Qb6 12. a3 a5 13. a4 b4 14. Ne2 Ba6 15.
Rd1 f6 16. exf6 Bxf6 17. Rb1 e5 18. Be3 d4 19. Bc1 Rae8 20. Nd2 Nf5 21. Ne4
Bg7 22. b3 exf4 23. Nxf4 Ne5 24. h3 Bb7 25. g4 Ne3 26. Bxe3 dxe3 27. Qxe3
Nxg4 28. Qg3 Ne3 29. Rd2 Be5 30. Rf2 Nf5 31. Qg5 Bd4 32. Rf1 Ne3 33. Re1
Nxg2 34. Kxg2 Bxf2 35. Kxf2 Rxf4+ 36. Kg3 Rff8 37. Nf6+ Qxf6 38. Qxf6 Rxe1
39. Qb6 Rg1+ 40. Kh2 Rg2+ 41. Kh1 Rf1# {White checkmated} 0-1

[Event "ICC tourney 1955 (60 10)"]
[Site "Internet Chess Club"]
[Date "2020.08.07"]
[Round "3"]
[White "adelie"]
[Black "AJ2000"]
[Result "1-0"]
[ICCResult "Black resigns"]
[WhiteElo "1974"]
[BlackElo "1709"]
[Opening "Neo-Grünfeld, 6.O-O, main line"]
[ECO "D79"]
[NIC "QP.11"]
[Time "18:32:41"]
[TimeControl "3600+10"]

1. Nf3 Nf6 2. c4 g6 3. g3 Bg7 4. Bg2 O-O 5. O-O c6 6. d4 d5 7. cxd5 cxd5 8.
Nc3 Nc6 9. e3 e6 10. b3 b6 11. Ba3 Re8 12. Rc1 Ba6 13. Re1 Rc8 14. b4 Bf8
15. Qa4 Bb7 16. b5 Na5 17. Bxf8 Kxf8 18. Nd2 Qd6 19. Nb3 Rc4 20. Nxa5 Rxa4
21. Nxb7 Qd7 22. Nxa4 Qxb7 23. Nb2 Rc8 24. Nd3 Nd7 25. Nb4 Nb8 26. Bf1 Rc7
27. Rxc7 Qxc7 28. Nc6 Nxc6 29. Rc1 Kg7 30. bxc6 f6 31. Bg2 b5 32. Rc5 a6 33.
e4 dxe4 34. Bxe4 Kf7 35. d5 exd5 36. Bxd5+ Ke7 37. Bf3 f5 38. Rd5 Ke6 39.
Rd7 Qc8 40. Bd5+ Ke5 41. f4+ {Black resigns} 1-0

[Event "ICC tourney 1955 (60 10)"]
[Site "Internet Chess Club"]
[Date "2020.08.07"]
[Round "3"]
[White "dswang"]
[Black "Kokoro"]
[Result "1-0"]
[ICCResult "Black resigns"]
[WhiteElo "1933"]
[BlackElo "2152"]
[Opening "Sicilian: Najdorf, 7...Be7 main line"]
[ECO "B99"]
[NIC "SI.06"]
[Time "18:33:43"]
[TimeControl "3600+10"]

1. e4 c5 2. Nf3 d6 3. d4 cxd4 4. Nxd4 Nf6 5. Nc3 a6 6. Bg5 e6 7. f4 Nbd7 8.
Qf3 Qc7 9. O-O-O Be7 10. g4 h6 11. Bxf6 Bxf6 12. h4 g5 13. hxg5 hxg5 14.
Rxh8+ Bxh8 15. fxg5 Ne5 16. Qh1 Bg7 17. Qh7 Bf8 18. Be2 Qe7 19. Qh5 Bd7 20.
Rf1 O-O-O 21. Nf3 Be8 22. Nxe5 dxe5 23. g6 fxg6 24. Qxe5 Bg7 25. Qg3 Qg5+
26. Kb1 Be5 27. Qf3 Qe7 28. a3 Kb8 29. Na2 Qc7 30. Qb3 Rd6 31. Nb4 Ka7 32.
Qc4 Qb6 33. Qb3 Qd4 34. c3 Qxe4+ 35. Qc2 Qe3 36. Rf3 Qg1+ 37. Ka2 Bg7 38.
Rd3 Rb6 39. Rd8 Bf7 40. Rd7 Qf2 41. Bc4 Qf4 42. Bb3 g5 43. Qg2 Kb8 44. Nd3
Qf6 45. Qf2 Be8 46. Qxb6 Bxd7 47. Qd6+ Kc8 48. Nc5 Qf7 49. Nxd7 Qxd7 50.
Bxe6 {Black resigns} 1-0

[Event "ICC tourney 1955 (60 10)"]
[Site "Internet Chess Club"]
[Date "2020.08.07"]
[Round "3"]
[White "chessrex"]
[Black "alkanet"]
[Result "0-1"]
[ICCResult "White resigns"]
[WhiteElo "1985"]
[BlackElo "2174"]
[Opening "Blackmar-Diemer gambit"]
[ECO "A45"]
[NIC "QP.07"]
[Time "18:32:50"]
[TimeControl "3600+10"]

1. d4 Nf6 2. f3 d5 3. e4 dxe4 4. Nc3 c5 5. d5 exf3 6. Nxf3 a6 7. a4 b6 8.
Ne5 Bb7 9. Bc4 g6 10. Qf3 Qc8 11. O-O Bg7 12. g4 O-O 13. g5 Nbd7 14. Nc6
Bxc6 15. dxc6 Ne5 16. Qe2 Ne8 17. Bd5 Nd6 18. Bf4 Qg4+ 19. Qxg4 Nxg4 20.
Rae1 Bd4+ 21. Kg2 e5 22. Bd2 Nf5 23. Rxf5 gxf5 24. h3 Nf2 25. Re2 Bxc3 26.
Bxc3 Ne4 27. Bxe5 Rad8 28. c4 Rde8 29. Bc7 Nxg5 30. Rxe8 Rxe8 31. Bxb6 Ne6
32. c7 Kg7 33. Bb7 Nxc7 34. Bxc5 Rb8 35. Bd4+ Kg6 36. Bf3 Rb4 37. Be2 Ne6
38. Be5 f6 39. Bc3 Rxa4 40. Bf1 Nc5 41. b4 Ne4 42. Be1 Ra2+ 43. Kg1 Ra1 44.
Bf2 Nd2 45. c5 Rxf1+ 46. Kg2 f4 47. c6 f3+ 48. Kg3 Ne4+ 49. Kxf3 f5 50. c7
Rxf2+ 51. Ke3 Rc2 52. h4 Rxc7 {White resigns} 0-1

[Event "ICC tourney 1955 (60 10)"]
[Site "Internet Chess Club"]
[Date "2020.08.07"]
[Round "3"]
[White "firewoods"]
[Black "peakypoe"]
[Result "1-0"]
[ICCResult "Black resigns"]
[WhiteElo "2184"]
[BlackElo "1949"]
[Opening "Sicilian: accelerated fianchetto, Breyer variation"]
[ECO "B39"]
[NIC "SI.43"]
[Time "18:34:03"]
[TimeControl "3600+10"]

1. e4 c5 2. Nf3 g6 3. c4 Nc6 4. d4 cxd4 5. Nxd4 Bg7 6. Be3 Nf6 7. Nc3 Ng4 8.
Qxg4 Nxd4 9. Qd1 Nc6 10. Qd2 O-O 11. Be2 d6 12. O-O Be6 13. f4 f5 14. exf5
Bxf5 15. Bf3 Be6 16. Nd5 Na5 17. Rac1 b6 18. b4 Nc6 19. Nxb6 Rb8 20. Nd5 Qd7
21. b5 Nd8 22. Qa5 Rb7 23. b6 Nc6 24. Qa6 Nd4 25. Nxe7+ Qxe7 26. Qxb7 Ne2+
27. Kh1 Qxb7 28. Bxb7 Nxc1 29. bxa7 Nxa2 30. a8=Q Rxa8 31. Bxa8 Bxc4 32. Rb1
d5 33. Rb8+ Kf7 34. Rb7+ Kg8 35. Rd7 Nc3 36. Rxg7+ Kxg7 37. Bd4+ Kf7 38.
Bxc3 Ke6 39. g4 Kd7 40. Kg2 Ke6 41. Kf3 h5 42. gxh5 gxh5 43. Bb7 Kf5 44.
Bc8+ Kg6 45. f5+ Kf7 46. Kf4 Be2 47. Be6+ Kf8 48. f6 Bc4 49. Bb4+ Ke8 50.
f7+ {Black resigns} 1-0

[Event "ICC tourney 1955 (60 10)"]
[Site "Internet Chess Club"]
[Date "2020.08.07"]
[Round "3"]
[White "Aniketshukla"]
[Black "betterone76"]
[Result "1-0"]
[ICCResult "Black checkmated"]
[WhiteElo "2016"]
[BlackElo "1810"]
[Opening "Robatsch (modern) defense"]
[ECO "B06"]
[NIC "KF.05"]
[Time "18:32:10"]
[TimeControl "3600+10"]

1. e4 g6 2. d4 Bg7 3. Be3 c6 4. Bd3 d6 5. c3 Qc7 6. Nf3 e5 7. Na3 Bg4 8. Nc2
Nd7 9. h3 Bxf3 10. Qxf3 Ngf6 11. O-O-O O-O 12. g4 d5 13. g5 dxe4 14. Bxe4
Nxe4 15. Qxe4 Rfe8 16. Qg2 exd4 17. Nxd4 Ne5 18. Qh2 Qa5 19. Kb1 Nc4 20. Bc1
Bxd4 21. Rxd4 Qf5+ 22. Ka1 Ne5 23. Qg3 Rad8 24. Be3 Qf3 25. Qxf3 Nxf3 26.
Ra4 a6 27. h4 Rd5 28. Rf4 Red8 29. a3 Ne5 30. Ka2 c5 31. h5 Rd1 32. Rxd1
Rxd1 33. Re4 f6 34. gxf6 Nc6 35. hxg6 hxg6 36. Bxc5 Kf7 37. Be7 Rd7 38. Rh4
Nxe7 39. fxe7 Rd2 40. Re4 Ke8 41. f4 Rg2 42. Kb3 Rg4 43. Kc4 g5 44. Kd4 gxf4
45. b4 Rg2 46. Rxf4 Kxe7 47. Kc5 Rg3 48. Kb6 Rxc3 49. a4 Rc6+ 50. Kxb7 Rg6
51. a5 Kd6 52. Rc4 Kd7 53. Rc7+ Kd8 54. Rc6 Rg4 55. Rb6 Rg7+ 56. Kxa6 Kc8
57. b5 Rg8 58. Rc6+ Kb8 59. Kb6 Rg7 60. a6 Rb7+ 61. Ka5 Rh7 62. Rf6 Rh8 63.
Kb6 Ka8 64. a7 Rd8 65. Rc6 Rd6 66. Kc7 Rd5 67. Rb6 Kxa7 68. Ra6#
{Black checkmated}
1-0

[Event "ICC tourney 1955 (60 10)"]
[Site "Internet Chess Club"]
[Date "2020.08.07"]
[Round "3"]
[White "PhenomenalChess"]
[Black "rabbitAAAA"]
[Result "1-0"]
[ICCResult "Black resigns"]
[WhiteElo "1711"]
[BlackElo "1742"]
[Opening "Caro-Kann: exchange variation"]
[ECO "B13"]
[NIC "CK.02"]
[Time "18:33:01"]
[TimeControl "3600+10"]

1. e4 c6 2. d4 d5 3. exd5 cxd5 4. Bd3 Nc6 5. Nf3 Bg4 6. c3 e6 7. Bf4 Bd6 8.
Bxd6 Qxd6 9. O-O Nf6 10. Nbd2 O-O 11. Re1 Rfe8 12. Qb3 Nd7 13. Re3 Rec8 14.
Rae1 Rab8 15. Ne5 Ncxe5 16. dxe5 Qe7 17. Qc2 g6 18. h3 d4 19. Rg3 dxc3 20.
hxg4 cxd2 21. Qxd2 Rc5 22. Qf4 Rbc8 23. Rh3 Ra5 24. Qh6 Nf8 25. a3 Rcc5 26.
f4 Rd5 27. Rf3 Qd8 28. f5 exf5 29. gxf5 Rxd3 30. f6 Ne6 31. Re4 Qb6+ 32. Kh2
Rd1 33. Rfe3 g5 34. Rc4 Rxe5 35. Rc8+ Rd8 36. Rxd8+ Qxd8 37. Rh3 Qxf6 38.
Qxf6 Re2 39. Rf3 Rxg2+ 40. Kxg2 Nf4+ 41. Kh2 Ng6 42. Qxf7+ {Black resigns}
1-0

[Event "ICC tourney 1955 (60 10)"]
[Site "Internet Chess Club"]
[Date "2020.08.07"]
[Round "3"]
[White "Alexbander"]
[Black "OctopusYule"]
[Result "0-1"]
[ICCResult "White checkmated"]
[WhiteElo "1714"]
[BlackElo "1856"]
[Opening "English: Carls' Bremen system"]
[ECO "A22"]
[NIC "EO.10"]
[Time "18:34:57"]
[TimeControl "3600+10"]

1. c4 e5 2. Nc3 Nf6 3. g3 Nc6 4. Bg2 Bb4 5. Nf3 Bxc3 6. bxc3 O-O 7. d4 d6 8.
O-O Re8 9. e3 Rb8 10. Qc2 Na5 11. Qa4 b6 12. Nd2 Bf5 13. Nb3 Bd7 14. Qa3
Nxc4 15. Qxa7 Qc8 16. Nd2 Na5 17. Nb3 e4 18. Nxa5 Ra8 19. Qb7 Rxa5 20. Qxc8
Rxc8 21. a3 d5 22. Rb1 Bb5 23. Re1 Bd3 24. Rb4 Ne8 25. Bf1 Bxf1 26. Kxf1 Nd6
27. Re2 Nc4 28. Ra2 Rca8 29. Rb3 f5 30. Kg2 Kf7 31. Kh3 Kf6 32. Kg2 g5 33.
Kh3 h5 34. Kg2 Rh8 35. Ra1 Kg6 36. Ra2 h4 37. Re2 hxg3 38. hxg3 Raa8 39. Re1
Rh7 40. Rh1 Rxh1 41. Kxh1 Rh8+ 42. Kg2 Nd6 43. Rb1 Ra8 44. Rb3 b5 45. Kh2 c6
46. Kg2 Nf7 47. Rb1 g4 48. Bb2 Rh8 49. Rh1 Rxh1 50. Kxh1 Kf6 51. Kg2 Ke6 52.
Kf1 Kd7 53. Ke1 Kc7 54. Kd1 Kb6 55. Bc1 Ng5 56. Bd2 Nh3 57. Be1 Ka5 58. Kc2
Ka4 59. Kb2 Ng1 60. Bd2 Nf3 61. Bc1 Ne1 62. Bd2 Nd3+ 63. Ka2 Nxf2 64. Be1
Nd3 65. Bd2 Nf2 66. Be1 Nh3 67. Bd2 Ng5 68. Be1 Nf7 69. Bd2 Nd6 70. Bc1 Nc4
71. Ka1 Nxa3 72. Bxa3 Kxa3 73. Kb1 Kb3 74. Kc1 Kxc3 75. Kb1 Kd3 76. Kb2 Kxe3
77. Kb3 Kxd4 78. Kc2 b4 79. Kb2 c5 80. Kc2 c4 81. Kd2 c3+ 82. Kc2 Kc4 83.
Kc1 b3 84. Kb1 Kd3 85. Kc1 c2 86. Kb2 Kd2 87. Kxb3 c1=Q 88. Kb4 e3 89. Kb5
e2 90. Kb4 e1=Q 91. Kb5 Qc4+ 92. Kb6 Qb1+ 93. Ka5 Qca2# {White checkmated}
0-1

[Event "ICC tourney 1955 (60 10)"]
[Site "Internet Chess Club"]
[Date "2020.08.07"]
[Round "3"]
[White "aquilesboy"]
[Black "MikeWMason"]
[Result "1-0"]
[ICCResult "Black resigns"]
[WhiteElo "1971"]
[BlackElo "1749"]
[Opening "Catalan: open, 5.Nf3"]
[ECO "E04"]
[NIC "CA.03"]
[Time "18:33:23"]
[TimeControl "3600+10"]

1. Nf3 d5 2. d4 Nf6 3. c4 dxc4 4. g3 e6 5. Bg2 c5 6. O-O Nc6 7. Qa4 Bd7 8.
Qxc4 b5 9. Qd3 Nb4 10. Qd1 Rc8 11. Nc3 Bc6 12. a3 Na6 13. Re1 Nc7 14. dxc5
Bxc5 15. b4 Qxd1 16. Rxd1 Be7 17. Bb2 Ncd5 18. Ne5 Nxc3 19. Bxc6+ Rxc6 20.
Nxc6 Nxd1 21. Rxd1 a6 22. Nb8 O-O 23. Nc6 Re8 24. Nxe7+ Rxe7 25. Rd8+ Ne8
26. Be5 f6 27. Bd6 Kf7 28. Bxe7 Kxe7 29. Ra8 Nc7 30. Ra7 Kd6 31. Rb7 h6 32.
Rb8 Kd7 33. Kf1 Ne8 34. Rb7+ Nc7 35. Ke1 Kc8 36. Rb6 Kd7 37. Kd2 Ke7 38. e4
Kd7 39. f4 Ke7 40. Kd3 Kd7 41. Kd4 Ke7 42. Kc5 Kd7 43. Rb7 Kc8 44. Kb6 Na8+
45. Kc6 {Black resigns} 1-0